 Dungeon Crawl Stone Soup version 0.23.2-40-g277498a001 (webtiles) character file.

Game seed: 12937956680903293619

559 Aggronaut the Covert (level 7, 0/46 HPs)
             Began as a Vampire Enchanter on Oct 3, 2019.
             Was a Follower of Dithmenos.
             Slain by a gnoll
             ... wielding a +0 spear
              (5 damage)
             ... on level 4 of the Dungeon.
             The game lasted 00:10:37 (3497 turns).

Aggronaut the Covert (Vampire Enchanter)            Turns: 3497, Time: 00:10:38

Health: 0/46       AC:  5    Str:  7    XL:     7   Next: 9%
Magic:  4/10       EV: 10    Int: 17    God:    Dithmenos [*.....]
Gold:   188        SH:  0    Dex: 17    Spells: 0/10 levels left

rFire    + . .     SeeInvis +   a - +1 dagger
rCold    + . .     Gourm    .   (no shield)
rNeg     + + .     Faith    .   e - +0 ring mail
rPois    +         Spirit   .   (no helmet)
rElec    .         Reflect  .   (no cloak)
rCorr    .         Harm     .   (no gloves)
MR       .....                  (no boots)
Stlth    +++++.....             (no amulet)
HPRegen  0.07/turn              c - ring of protection from fire
MPRegen  0.12/turn              (no ring)

@: very slightly contaminated, regenerating slowly, wreathed by umbra
A: fangs 3, see invisible, unbreathing
a: Bat Form, Renounce Religion


You were on level 4 of the Dungeon.
You worshipped Dithmenos.
Dithmenos was aware of your devotion.
You were thirsty.

You visited 1 branch of the dungeon, and saw 4 of its levels.

You collected 188 gold pieces.

Inventory:

Hand Weapons
 a - a +1 dagger (weapon)
Armour
 b - a +0 robe
 e - a +0 ring mail (worn)
Jewellery
 c - a ring of protection from fire (left hand)
Scrolls
 h - 2 scrolls of fog {unknown}
 i - a scroll of immolation {unknown}
 j - 3 scrolls of teleportation
 k - 3 scrolls of blinking
 m - a scroll of noise {unknown}
 n - a scroll of identify
Potions
 d - 14 potions of blood
 f - 2 potions of flight
 g - 2 potions of curing
 l - a potion of cancellation


   Skills:
 + Level 4.0 Short Blades
 - Level 2.1 Dodging
 + Level 8.4 Stealth
 - Level 2.0 Spellcasting
 - Level 8.1 Hexes


You couldn't memorise any spells.
You knew the following spells:

 Your Spells              Type           Power        Failure   Level  Hunger
a - Corona                Hex            ####...      2%          1    #......
b - Ensorcelled Hibernat  Hex/Ice        ###...       19%         2    ###....
c - Confuse               Hex            ####....     7%          3    ###....
d - Animate Skeleton      Necr           N/A          56%         1    #......
e - Dazzling Spray        Conj/Hex       ###...       36%         3    ###....

Your spell library contained the following spells:

 Spells                   Type           Power        Failure   Level  Hunger
 Confusing Touch          Hex            ####..       2%          1    #......
 Tukima's Dance           Hex            ####....     7%          3    ###....
 Apportation              Tloc           #.....       56%         1    #......
 Summon Small Mammal      Summ           #...         56%         1    #......


Dungeon Overview and Level Annotations

Branches:
Dungeon (4/15)
 Temple: D:4-7

Altars:
Dithmenos
Uskayaw


Innate Abilities, Weirdness & Mutations

You heal slowly.
You have razor-sharp teeth.
You have supernaturally acute eyesight. (SInv)
You can survive without breathing.


Message History

You hit the gnoll. Your bite misses the gnoll.
The gnoll is heavily wounded.
The gnoll closely misses you. The gnoll barely misses you.
You hit the gnoll. You bite the gnoll, but do no damage.
The gnoll is heavily wounded.
The gnoll hits you from afar with a +0 spear.
* * * LOW HITPOINT WARNING * * *
You hit the gnoll but do no damage. Your bite misses the gnoll.
The gnoll is heavily wounded.
The gnoll hits you!
* * * LOW HITPOINT WARNING * * *
You closely miss the gnoll. Your bite misses the gnoll.
The gnoll is heavily wounded.
The gnoll barely misses you. The gnoll hits you.
* * * LOW HITPOINT WARNING * * *
You are feeling thirsty.
You hit the gnoll but do no damage. You bite the gnoll, but do no damage.
The gnoll is heavily wounded.
The gnoll hits you from afar with a +0 spear.
You die...

#.... ###### #.#..
###### #....# #.##.
#.gg.# #.##.# #.##.
###.##.# #....###.##.
#.g.##.#####
####.....###
#.####..g..#######'#####
#####g#
####)g...<......# .#
#gg)..# #@...........#
.#.#.########
#.<..........#
.............
+............# ##
#..##..#####
#............# #.
....#r.# ##########'###
#. ...>#..# ###.# #.
##...g.# ####### #...#
#. .#...g.# #.....#
#.#.# ### .#+##g.#
#.....# #.#.# #..


You could see 2 gnolls.

Vanquished Creatures
  Edmund (D:4)
  2 scorpions (D:4)
  A howler monkey (D:2)
  An orc priest (D:4)
  2 orc wizards (D:4)
  2 worker ants
  6 gnolls (D:4)
  5 adders
  An ooze (D:2)
  3 worms
  2 dart slugs
  A leopard gecko (D:1)
  8 orcs
  3 bats
  7 giant cockroaches
  4 goblins
  5 hobgoblins
  3 jackals (D:3)
  3 kobolds
  2 quokkas
  8 frilled lizards
  5 rats
75 creatures vanquished.

Notes
Turn   | Place    | Note
-------+----------+-------------------------------------------
     0 | D:1      | Aggronaut the Vampire Enchanter began the quest for the
                  | Orb.
     0 | D:1      | Reached XP level 1. HP: 13/13 MP: 3/3
   248 | D:1      | Reached skill level 5 in Hexes
   248 | D:1      | Reached XP level 2. HP: 18/19 MP: 5/5
   461 | D:1      | Reached skill level 5 in Stealth
   847 | D:2      | Reached XP level 3. HP: 12/24 MP: 6/6
   854 | D:2      | Learned a level 2 spell: Ensorcelled Hibernation
   858 | D:2      | Learned a level 3 spell: Confuse
  1361 | D:2      | Found a hide-covered altar of Uskayaw.
  1366 | D:2      | Found a shadowy altar of Dithmenos.
  1379 | D:2      | Became a worshipper of Dithmenos the Shadowed
  1393 | D:2      | Reached XP level 4. HP: 25/30 MP: 7/7
  2036 | D:3      | Reached XP level 5. HP: 35/35 MP: 8/8
  2293 | D:4      | Reached * piety under Dithmenos
  2484 | D:4      | Reached XP level 6. HP: 22/41 MP: 0/9
  2936 | D:4      | Learned a level 1 spell: Animate Skeleton
  2948 | D:4      | Noticed Edmund
  2963 | D:4      | Killed Edmund
  3094 | D:4      | Reached XP level 7. HP: 46/46 MP: 8/10
  3226 | D:4      | Learned a level 3 spell: Dazzling Spray
  3497 | D:4      | Slain by a gnoll

Skill      XL: |  1  2  3  4  5  6  7 |
---------------+----------------------+-----
Hexes          | 5 6 7 8 |  8.1
Stealth        | 5 6 8 |  8.4
Short Blades   | 2 3 4 |  4.0
Dodging        | |  2.1
Spellcasting   | |  2.0

Action                   |  1- 3 |  4- 6 |  7- 9 || total
-------------------------+-------+-------+-------++-------
Melee: Dagger            |   112 |   144 |    33 ||   289
       Bite              |    10 |     9 |     2 ||    21
 Cast: Corona            |     1 |     1 |       ||     2
       Ensorcelled Hiber |     6 |    17 |     5 ||    28
       Confuse           |       |     1 |       ||     1
       Dazzling Spray    |       |       |     1 ||     1
  Use: Scroll            |     1 |    10 |       ||    11
       Potion            |       |     3 |     2 ||     5
 Stab: Sleeping          |    10 |    23 |     3 ||    36
       Confused          |       |     1 |       ||     1
  Eat: Corpse            |     1 |     3 |       ||     4
Armor: Robe              |    15 |       |       ||    15
       Ring mail         |     5 |    30 |    12 ||    47
Dodge: Dodged            |    54 |    52 |    21 ||   127
